 Dungeon Crawl Stone Soup version 0.30.1-9-gdf580d7c3d (webtiles) character file.

Game seed: 6718773837135744849

1482 Psyclone the Thaumaturge (level 8, -1/38 (41) HPs)
             Began as a Deep Elf Conjurer on Sept 28, 2023.
             Slain by a wight
             ... wielding a +2 falchion of freezing
              (5 damage)
             ... on level 6 of the Dungeon.
             The game lasted 00:08:03 (4743 turns).

Psyclone the Thaumaturge (Deep Elf Conjurer)        Turns: 4743, Time: 00:08:04

HP:   -1/38 (41)    AC:  4    Str:  4    XL:     8   Next: 50%
MP:   10/24         EV: 12    Int: 26    God:
Gold: 272           SH:  0    Dex: 13    Spells: 24/27 levels left

rFire   . . .        d - +0 dagger (venom)
rCold   . . .        (no shield)
rNeg    . . .        a - +0 robe
rPois   .            (no helmet)
rElec   .            (no cloak)
rCorr   .            (no gloves)
SInv    .            f - +1 pair of boots
Will    .....        (no amulet)
Stlth   ++           (no ring)
HPRegen 0.26/turn    (no ring)
MPRegen 0.19/turn

%: no passive effects
@: drained
A: no striking features
a: no special abilities


You were on level 6 of the Dungeon.
You visited 1 branch of the dungeon, and saw 6 of its levels.

You collected 272 gold pieces.

Inventory:

Hand Weapons
 d - a +0 dagger of venom (weapon)
 p - the +4 rapier of the Slime-mould {heavy, rPois rF+ Will++ Int-2}
   (You found it on level 3 of the Dungeon)

   Int:       It affects your intelligence (-2).
   rF:        It protects you from fire.
   rPois:     It protects you from poison.
   Will:      It greatly increases your willpower.
Armour
 a - a +0 robe (worn)
 f - a +1 pair of boots (worn)
 j - a +2 buckler
Jewellery
 l - an amulet of faith
 o - a ring of fire
 q - a ring of fire
Wands
 h - a wand of paralysis (6)
Scrolls
 i - 7 scrolls of identify {@r1}
 r - a scroll of poison
 s - a scroll of fear
 t - a scroll of fog
 u - a scroll of teleportation {unknown}
Potions
 b - a potion of magic
 c - 2 potions of cancellation
 e - a potion of haste
 g - a potion of flight
 k - a potion of resistance
 m - a potion of brilliance
 n - 4 potions of heal wounds
 v - a potion of curing


   Skills:
 - Level 2.4 Dodging
 - Level 2.4 Stealth
 + Level 10.2 Spellcasting
 + Level 9.4 Conjurations


You had 24 spell levels left.
You knew the following spells:

 Your Spells              Type           Power      Damage    Failure   Level
a - Magic Dart            Conj           100%       1d8       1%          1
b - Searing Ray           Conj           100%       2d8       1%          2

Your spell library contained the following spells:

 Spells                   Type           Power      Damage    Failure   Level
 Dazzling Flash           Conj/Hex       74%        N/A       1%          3
 Fulminant Prism          Conj/Hex       18%        3d10      6%          4
 Iskenderun's Mystic Bla  Conj/Tloc      37%        2d9       6%          4


Dungeon Overview and Level Annotations

Branches:
Dungeon (6/15) Zot: 26895
 Temple: D:4-7

Altars:
Elyvilon
Gozag
Sif Muna


Message History

The wight is heavily damaged.
The searing ray hits the wight!
The wight is severely damaged. (Press . to maintain the ray.)
You now have 15/24 mp.
The searing ray hits the wight.
The wight is almost destroyed.
The searing ray hits the wight!
You destroy the wight!
The searing ray hits the wight.
You destroy the wight!
The searing ray hits the wight but does no damage.
You hear the slow hiss of an avalanche of sand nearby.
Health restored: 41 You now have 14/24 mp.
The searing ray misses the wight.
The searing ray hits the wight!
The wight is heavily damaged.
You finish channelling your searing ray.
The wight hits you with a +2 falchion of freezing.
You feel drained. The wight freezes you.
You take 8 damage, and have 33/39 hp.
MASSIVE DAMAGE!!
You now have 13/24 mp.
Casting: Searing Ray (safe; 1% risk of failure)
Confirm with . or Enter, or press ? or * to list all spells.
Aiming: Searing Ray (safe; 1% risk of failure)
Press: ? - help, Shift-Dir - straight line, f - wight
Aim: a wight, wielding a +2 falchion of freezing and wearing a +0 robe (83% to hit)
The searing ray misses the wight.
The searing ray hits the wight.
The wight is almost destroyed. (Press . to maintain the ray.)
The wight hits you with a +2 falchion of freezing!
You feel drained. The wight freezes you.
You take 19 damage, and have 14/38 hp.
MASSIVE DAMAGE!!
You now have 11/24 mp.
The searing ray hits the wight.
The wight is moderately damaged.
The searing ray hits the wight!
You destroy the wight!
The wight hits you with a +2 falchion of freezing!
* * * LOW HITPOINT WARNING * * *
The wight freezes you.
You die...

##..#.....###..
#..............
#.....<..#....
######....##....
..###.....###...
###...##....)#####.
#....##.....).##.#.
#.....#..###)###...
####@# ...##.....##..
###...z###.##.8.).8.##.
#.....)..####.......##.
#.....)..^......_......
##..........#.......###
#....<.....#.8...8.#
##.........##.....##
##..........###.###
###....###..........


You could see a wight.

Vanquished Creatures
  Grinder (D:3)
  Sigmund (D:3)
  An ogre (D:5)
  A phantom (D:2)
  A bullfrog (D:6)
  2 scorpions (D:4)
  4 wights (D:6)
  5 hounds
  2 jellies (D:5)
  Jessica (D:2)
  3 sleepcaps (D:5)
  Ijyb (D:3)
  Terence (D:3)
  4 iguanas
  An orc wizard (D:6)
  5 adders
  2 white imps
  An ufetubus (D:5)
  2 worms (D:2)
  3 dart slugs
  11 orcs
  5 endoplasms
  2 giant cockroaches (D:1)
  8 goblins
  8 hobgoblins
  7 jackals
  5 kobolds
  3 quokkas
  4 ball pythons
  A bat (D:1)
  A frilled lizard (D:1)
  4 rats (D:1)
101 creatures vanquished.

Notes
Turn   | Place    | Note
-------+----------+-------------------------------------------
     0 | D:1      | Psyclone the Deep Elf Conjurer began the quest for the Orb.
     0 | D:1      | Reached XP level 1. HP: 10/10 MP: 6/6
   174 | D:1      | Reached XP level 2. HP: 5/15 MP: 0/8
   648 | D:1      | Reached skill level 4 in Spellcasting
   802 | D:1      | Reached skill level 5 in Conjurations
   802 | D:1      | Reached XP level 3. HP: 19/19 MP: 8/10
  1030 | D:2      | Learned a level 2 spell: Searing Ray
  1381 | D:2      | Found a faded altar of an unknown god.
  1388 | D:2      | Noticed a phantom
  1395 | D:2      | Killed a phantom
  1396 | D:2      | Reached skill level 5 in Spellcasting
  1396 | D:2      | Reached XP level 4. HP: 24/24 MP: 1/13
  1549 | D:2      | Noticed Jessica
  1557 | D:2      | Killed Jessica
  1653 | D:2      | Reached XP level 5. HP: 28/28 MP: 9/14
  1886 | D:3      | Noticed Ijyb
  1895 | D:3      | Killed Ijyb
  2127 | D:3      | Noticed Grinder
  2135 | D:3      | Killed Grinder
  2136 | D:3      | Reached skill level 6 in Spellcasting
  2136 | D:3      | Reached XP level 6. HP: 32/32 MP: 6/17
  2217 | D:3      | Identified the +4 rapier of the Slime-mould {heavy, rPois
                  | rF+ Will++ Int-2}
  2220 | D:3      | Found a white marble altar of Elyvilon.
  2264 | D:3      | Noticed Sigmund
  2278 | D:3      | Reached skill level 7 in Spellcasting
  2279 | D:3      | Killed Sigmund
  2280 | D:3      | Reached XP level 7. HP: 36/36 MP: 10/20
  2378 | D:3      | Noticed Terence
  2382 | D:3      | Killed Terence
  2809 | D:4      | Reached skill level 8 in Spellcasting
  2907 | D:4      | Found a shimmering blue altar of Sif Muna.
  2957 | D:4      | Identified the +9 scale mail of Zun Elep {Regen+ rCorr
                  | Int+4}
  3715 | D:5      | Entered Level 5 of the Dungeon
  3943 | D:5      | Reached skill level 9 in Spellcasting
  4190 | D:5      | Reached XP level 8. HP: 41/41 MP: 15/23
  4641 | D:6      | Found an opulent altar of Gozag.
  4738 | D:6      | Reached skill level 10 in Spellcasting
  4743 | D:6      | Slain by a wight

Illustrated notes

Levels and vault maps discovered:
D:1:      minmay_arrival_widening_spiral_wide, layout_basic
D:2:      layout_rooms, shapermc_ecumenical_altar_pompeii,
          kennysheep_generic_room_16, uniq_jessica
D:3:      layout_rooms, mainiacjoe_overflow_alcove_2, uniq_sigmund,
          uniq_grinder, uniq_terence, uniq_ijyb
D:4:      nicolae_cairo_tiling_large, layout_basic,
          nicolae_overflow_crystal_walls
D:5:      layout_loops_cross
D:6:      layout_cave_pools, grunt_gozag_statues, mainiacjoe_overflow_brackets,
          nicolae_ossuary_entry_plus, uniq_duvessa

Skill      XL: |  1  2  3  4  5  6  7  8 |
---------------+-------------------------+-----
Spellcasting   | 4 5 6 7 9 10 | 10.2
Conjurations   | 5 6 7 8 9 |  9.4
Dodging        | |  2.4
Stealth        | |  2.4

Action                     |  1- 3 |  4- 6 |  7- 9 || total
---------------------------+-------+-------+-------++-------
  Melee: Dagger            |    10 |       |       ||    10
   Cast: Magic Dart        |    42 |    19 |    99 ||   160
         Searing Ray       |     2 |     9 |    26 ||    37
    Use: Scroll            |     4 |     3 |     3 ||    10
         Potion            |     2 |     2 |     3 ||     7
 Armour: Robe              |     3 |     1 |     5 ||     9
  Dodge: Dodged            |    13 |     3 |    19 ||    35
